 Dungeon Crawl Stone Soup version 0.31-a0-162-gc4c5a43528 (webtiles) character file.

Game seed: 759728391642520315

42 qw the Shooter (level 3, -1/22 HPs)
             Began as a Gargoyle Hunter on June 12, 2023.
             Slain by Sigmund
             ... wielding a +0 scythe
              (2 damage)
             ... on level 2 of the Dungeon.
             The game lasted 00:00:22 (894 turns).

qw the Shooter (Gargoyle Hunter)                     Turns: 894, Time: 00:00:22

Health: -1/22      AC:  6    Str: 13    XL:     3   Next: 56%
Magic:  3/3        EV: 12    Int:  8    God:
Gold:   74         SH:  0    Dex: 19    Spells: 2/2 levels left

rFire   . . .        Y - +0 shortbow
rCold   . . .        (shield currently unavailable)
rNeg    + . .        c - +0 leather armour
rPois   inf          (no helmet)
rElec   +            (no cloak)
rCorr   .            (no gloves)
SInv    .            (no boots)
Will    .....        j - amulet of faith
Stlth   ++           (no ring)
HPRegen 0.23/turn    (no ring)
MPRegen 0.08/turn

%: faith
@: no status effects
A: sickness immunity, AC +3, negative energy resistance 1, electricity
resistance, torment resistance 1, petrification resistance, agile 1, evolution
1, noise suppression
a: no special abilities


You were on level 2 of the Dungeon.
You visited 1 branch of the dungeon, and saw 2 of its levels.

You collected 74 gold pieces.


Innate Abilities, Weirdness & Mutations

You are immune to sickness and miasma.
Your stone body is resilient. (AC +3)
You are immune to poison.
You resist negative energy. (rN+)
You are resistant to electric shocks. (rElec)
You are resistant to unholy torment.
You are immune to petrification.
You are agile. (Dex +4, Str/Int -1)
You have hidden genetic potential.
You passively dampen the noise of your surroundings.


   Skills:
 + Level 2.7 Fighting
 - Level 5.0 Ranged Weapons
 - Level 1.5 Dodging
 - Level 1.1 Stealth


You had 2 spell levels left.
You didn't know any spells.
Your spell library was empty.

Inventory:

Hand Weapons
 Y - a +0 shortbow (weapon)
Armour
 c - a +0 leather armour (worn)
Jewellery
 j - an amulet of faith (around neck)
Scrolls
 a - a scroll of immolation {unknown}
 g - a scroll of identify
Potions
 d - a potion of mutation
 i - a potion of heal wounds {unknown}
 k - a potion of might {unknown}

Dungeon Overview and Level Annotations

Branches:
Dungeon (2/15)

Altars:

Shops:
D:1 (

Annotations:
D:2 Sigmund, Terence


Message History

As you open the door, it creaks loudly!
There is an open door here.
You open the door.
There is an open door here.
You open the door.
Sigmund, Terence and 3 jackals come into view.
Sigmund shouts!
The jackal barks! x2
You shoot an arrow. The arrow hits the jackal.
The jackal is moderately wounded.
The jackal barely misses you.
Sigmund gestures wildly while chanting.
Sigmund flickers and vanishes!
Deactivating autopickup; reactivate with Ctrl-A.
Something hits you!
You shoot an arrow. The arrow hits the jackal.
The jackal is moderately wounded.
You shoot an arrow. The arrow hits the jackal.
The jackal is heavily wounded.
The jackal bites you. Something hits you but does no damage.
The jackal barely misses you.
Terence shouts, "Get ready for death!"
You shoot an arrow. The arrow hits the jackal!
You kill the jackal!
The jackal bites you but does no damage.
You shoot an arrow. The arrow hits the jackal.
The jackal is almost dead.
Something barely misses you. The jackal barely misses you.
You shoot an arrow.
The arrow hits the jackal but does no damage.
The jackal is almost dead.
Something hits you! The jackal misses you. The jackal closely misses you.
You shoot an arrow.
The arrow hits the jackal but does no damage.
The jackal is almost dead.
Something hits you but does no damage. The jackal closely misses you.
Something hits you. The jackal closely misses you.
You shoot an arrow. The arrow hits the jackal.
You kill the jackal!
Something hits you.
You die...

#.# #.# #.# #.# .
#.########## ...
#.#......... ....#
###'#.###...##
.....@####.....###...###
#....{h@.'.......+.w.[.
#.....####....####....#
#.... #......+. #....#
#... #......#.##.... #..
#.....##.##...# ##
###.....##.##%..#
#.....#.##.##...#
#.....#.......%.#
#.....####......#


You could see Terence and a jackal.

Vanquished Creatures
  An adder (D:2)
  4 dart slugs
  2 ball pythons (D:1)
  An endoplasm (D:1)
  A giant cockroach (D:1)
  2 goblins (D:1)
  2 hobgoblins (D:1)
  5 jackals
  A kobold (D:1)
  A quokka (D:1)
  2 frilled lizards (D:1)
  2 rats (D:1)
24 creatures vanquished.

Notes
Turn   | Place    | Note
-------+----------+-------------------------------------------
     0 | D:1      | qw the Gargoyle Hunter began the quest for the Orb.
     0 | D:1      | Reached XP level 1. HP: 12/12 MP: 1/1
     0 | D:1      | 0 ||| qw: Version: 0.2-a-29-gc1b59c4
     0 | D:1      | 0 ||| qw: Game counter: 4356
     0 | D:1      | 0 ||| qw: Always use a shield: true
     0 | D:1      | 0 ||| qw: God list: Okawaru
     0 | D:1      | 0 ||| qw: Allow faded altars: false
     0 | D:1      | 0 ||| qw: Do Orc after D:15 true
     0 | D:1      | 0 ||| qw: Do second Lair branch before Depths: true
     0 | D:1      | 0 ||| qw: Lair rune preference: random
     0 | D:1      | 0 ||| qw: Plans: Normal, Zot:1-4, Slime:5, God:TSO, Crypt,
                  | Tomb, Abyss, Pan, Hells, Win
     0 | D:1      | 0 ||| PLANNING D:1-11
    60 | D:1      | Reached XP level 2. HP: 17/17 MP: 2/2
   262 | D:1      | Found Hyebbej's Antique Weapon Emporium.
   395 | D:1      | Reached XP level 3. HP: 21/21 MP: 3/3
   587 | D:1      | Reached skill level 5 in Ranged Weapons
   735 | D:1      | 735 ||| UPGRADING to amulet of faith.
   740 | D:1      | 740 ||| READING scroll labelled TOWOPOTAUN.
   744 | D:1      | 744 ||| READING 3 scrolls labelled GOZIUP IHAWN.
   745 | D:1      | 745 ||| READING scroll labelled NUUSHRI ATOAS.
   746 | D:1      | 746 ||| DRINKING 2 sedimented purple potions.
   746 | D:1      | Gained mutation: You are agile. (Dex +4, Str/Int -1)
                  | [potion of mutation]
   746 | D:1      | Gained mutation: You passively dampen the noise of your
                  | surroundings. [potion of mutation]
   746 | D:1      | Gained mutation: You have hidden genetic potential. [potion
                  | of mutation]
   747 | D:1      | 747 ||| READING 2 scrolls of identify.
   747 | D:1      | 747 ||| IDENTIFYING lumpy grey potion
   748 | D:1      | 748 ||| DROPPING scroll of butterflies.
   749 | D:1      | 749 ||| DROPPING potion of ambrosia.
   841 | D:2      | 841 ||| FLEEEEING.
   842 | D:2      | 842 ||| FLEEEEING.
   886 | D:2      | Noticed Sigmund
   886 | D:2      | Noticed Terence
   892 | D:2      | HP: 4/22 [something (8)]
   893 | D:2      | HP: 1/22 [something (3)]
   894 | D:2      | Slain by Sigmund

Levels and vault maps discovered:
D:1:      minmay_arrival_glassed_features, layout_basic, serial_shops, shop
D:2:      layout_basic, uniq_sigmund, uniq_terence

Skill      XL: |  1  2  3 |
---------------+----------+-----
Ranged Weapons | 5 |  5.0
Fighting       | |  2.7
Dodging        | |  1.5
Stealth        | |  1.1

Action                     || total
---------------------------++-------
   Fire: Shortbow          ||    72
    Use: Scroll            ||     4
         Potion            ||     1
 Armour: Leather armour    ||     6
  Dodge: Dodged            ||    16

Table legend:
 A = Non-vault XP
 B = Vault XP
 C = Vault XP percentage of total XP
 D = Non-vault monster count
 E = Vault monster count
 F = Vault count percentage of total count
                 A         B        C        D         E       F
            +---------+---------+-------+---------+---------+-------
      Total |      63 |       0 |   0.0 |      24 |       0 |   0.0
            +---------+---------+-------+---------+---------+-------
        D:1 |      42 |       0 |   0.0 |      20 |       0 |   0.0
        D:2 |      21 |       0 |   0.0 |       4 |       0 |   0.0
            +---------+---------+-------+---------+---------+-------
